 Dungeon Crawl Stone Soup version 0.29-b1-12-g9e2288ab2a (webtiles) character file.

Game seed: 9258263021425046908

86 brightshaft the Trooper (level 4, 0/61 HPs)
             Began as a Gnoll Abyssal Knight on Aug 24, 2022.
             Was a Priest of Lugonu.
             Slain by an orc
             ... wielding a +0 dagger of venom
              (1 damage)
             ... on level 2 of the Dungeon.
             The game lasted 00:02:48 (1872 turns).

brightshaft the Trooper (Gnoll Abyssal Knight)      Turns: 1872, Time: 00:02:48

Health: 0/61       AC: 22    Str: 14    XL:     4   Next: 49%
Magic:  7/7        EV:  2    Int:  9    God:    Lugonu [***...]
Gold:   30         SH:  0    Dex: 13    Spells: 5/5 levels left

rFire   . . .      SeeInvis .   a - +1 mace
rCold   . . .      Faith    .   (no shield)
rNeg    . . .      Spirit   .   (body armour currently unavailable)
rPois   +          Reflect  .   (helmet currently unavailable)
rElec   .          Harm     .   (cloak currently unavailable)
rCorr   .          Rampage  .   (gloves currently unavailable)
Will    .....      NoTele   +   (boots currently unavailable)
Stlth   ++........              (no amulet)
HPRegen 0.20/turn               (no ring)
MPRegen 0.10/turn               (no ring)

@: lethally poisoned (0 -> -6), tree-form
A: stationary, stasis, torment immunity, boosted hp, (fangs 1), strong nose,
distributed training
a: Renounce Religion, Depart the Abyss, Bend Space, Banish


You were on level 2 of the Dungeon.
You worshipped Lugonu.
Lugonu was most pleased with you.
You were a tree.
You visited 1 branch of the dungeon, and saw 2 of its levels.
You visited the Abyss 1 time.

You collected 30 gold pieces.

Inventory:

Hand Weapons
 a - a +1 mace (weapon)
Missiles
 f - 3 poisoned darts
Armour
 b - a +0 leather armour
 c - a +0 ring mail (melded)
Magical Staves
 g - a staff of cold
Scrolls
 e - 2 scrolls of identify {unknown}
 j - a scroll of enchant weapon {unknown}
Potions
 h - a potion of berserk rage {unknown}
 i - a potion of haste {unknown}


   Skills:
 + Level 6.6 Fighting
 + Level 1.2 Short Blades
 + Level 1.2 Long Blades
 + Level 1.2 Axes
 + Level 4.6 Maces & Flails
 + Level 1.2 Polearms
 + Level 1.2 Staves
 + Level 1.2 Ranged Weapons
 + Level 1.2 Throwing
 + Level 4.6 Armour
 + Level 2.8 Dodging
 + Level 1.2 Stealth
 + Level 1.2 Shields
 + Level 1.2 Unarmed Combat
 + Level 1.2 Spellcasting
 + Level 1.0 Conjurations
 + Level 1.0 Hexes
 + Level 1.0 Summonings
 + Level 1.0 Necromancy
 + Level 1.0 Translocations
 + Level 1.0 Transmutations
 + Level 1.0 Fire Magic
 + Level 1.0 Ice Magic
 + Level 1.0 Air Magic
 + Level 1.0 Earth Magic
 + Level 1.0 Poison Magic
 + Level 4.7 Invocations
 + Level 1.2 Evocations


You had 5 spell levels left.
You didn't know any spells.
Your spell library contained the following spells:

 Spells                   Type           Power      Damage    Failure   Level
 Apportation              Tloc           4%         N/A       24%         1
 Necrotise                Necr           8%         1d4       24%         1
 Summon Small Mammal      Summ           8%         N/A       24%         1


Dungeon Overview and Level Annotations

Branches:
Dungeon (2/15)

Altars:

Shops:
D:1 (   D:2 =


Innate Abilities, Weirdness & Mutations

You are a tree.
Your roots penetrate the ground, keeping you stationary.
You cannot be teleported.
You are immune to unholy pain and torment.
Your maximum health is greatly increased.
Your equipment is partially melded.
((You have very sharp teeth.))
Your uncanny sense of smell can sniff out nearby items.
Your experience applies equally to all skills.


Message History

You feel very sick. The orc hits you with a +0 war axe.
The orc hits you with a +0 dagger of venom.
You are lethally poisoned!
The orc attacks as you move away! The orc hits you but does no damage.
You feel very sick.
You hit the orc.
The orc is moderately wounded.
* * * LOW HITPOINT WARNING * * *
You feel very sick. The orc closely misses you.
You hit the orc.
The orc is heavily wounded.
* * * LOW HITPOINT WARNING * * *
You feel very sick. The orc hits you but does no damage.
You sock the orc!
You kill the orc!
Lugonu accepts your kill.
* * * LOW HITPOINT WARNING * * *
You feel sick.
You hit the orc.
The orc is severely wounded.
* * * LOW HITPOINT WARNING * * *
You feel sick.
The orc hits you with a +0 dagger of venom.
* * * LOW HITPOINT WARNING * * *
The orc hits you but does no damage.
You are more poisoned.
It was a potion of lignification.
You turn into a tree.
Your +0 ring mail melds into your body.
Your roots penetrate the ground.
* * * LOW HITPOINT WARNING * * *
You feel very sick. The orc hits you but does no damage.
You closely miss the orc.
The orc is severely wounded.
* * * LOW HITPOINT WARNING * * *
You feel sick.
The orc hits you with a +0 dagger of venom.
You die...

#......## #'# #.#
#.....## ##.##
#.....#### #.#.# ###
########..###.###..##
#.8...#(#.?.8.#
#....#'.'#....#
#..$.#)o'#....#
#.8...#o#...8.#
##?.###♣###..## ###
#.#.# ### ## ##


You could see 2 orcs.

Vanquished Creatures
  3 adders (D:2)
  2 dart slugs (D:1)
  2 orcs (D:2)
  3 ball pythons
  6 endoplasms
  6 giant cockroaches
  5 goblins
  5 hobgoblins
  4 jackals (D:1)
  2 kobolds
  2 quokkas (D:1)
  2 bats
  A frilled lizard (D:1)
  A rat (D:2)
44 creatures vanquished.

Vanquished Creatures (others)
  2 plants (D:1)
2 creatures vanquished.

Grand Total: 46 creatures vanquished

Notes
Turn   | Place    | Note
-------+----------+-------------------------------------------
     0 | Abyss:1  | brightshaft the Gnoll Abyssal Knight began the quest for
                  | the Orb.
     0 | Abyss:1  | Reached XP level 1. HP: 23/23 MP: 3/3
    13 | D:1      | Escaped the Abyss
   120 | D:1      | Reached XP level 2. HP: 22/29 MP: 5/5
   122 | D:1      | Found a faded altar of an unknown god.
   534 | D:1      | Found Heosopt's Weapon Shoppe.
   561 | D:1      | Reached XP level 3. HP: 33/35 MP: 6/6
   952 | D:2      | Reached *** piety under Lugonu
   996 | D:2      | Reached skill level 1 in Short Blades
   996 | D:2      | Reached skill level 1 in Long Blades
   996 | D:2      | Reached skill level 1 in Axes
   996 | D:2      | Reached skill level 1 in Polearms
   996 | D:2      | Reached skill level 1 in Staves
   996 | D:2      | Reached skill level 1 in Ranged Weapons
   996 | D:2      | Reached skill level 1 in Throwing
   996 | D:2      | Reached skill level 1 in Stealth
   996 | D:2      | Reached skill level 1 in Shields
   996 | D:2      | Reached skill level 1 in Unarmed Combat
   996 | D:2      | Reached skill level 1 in Spellcasting
   996 | D:2      | Reached skill level 1 in Evocations
  1246 | D:2      | Reached XP level 4. HP: 41/41 MP: 7/7
  1472 | D:2      | Found Dauptone's Jewellery Shoppe.
  1487 | D:2      | Reached skill level 1 in Conjurations
  1487 | D:2      | Reached skill level 1 in Hexes
  1487 | D:2      | Reached skill level 1 in Summonings
  1487 | D:2      | Reached skill level 1 in Necromancy
  1487 | D:2      | Reached skill level 1 in Translocations
  1487 | D:2      | Reached skill level 1 in Transmutations
  1487 | D:2      | Reached skill level 1 in Fire Magic
  1487 | D:2      | Reached skill level 1 in Ice Magic
  1487 | D:2      | Reached skill level 1 in Air Magic
  1487 | D:2      | Reached skill level 1 in Earth Magic
  1487 | D:2      | Reached skill level 1 in Poison Magic
  1871 | D:2      | HP: 2/61 [poisoned by an orc]
  1872 | D:2      | Slain by an orc

Illustrated notes

Levels and vault maps discovered:
D:1:      kilobyte_arrival_exit_the_forest, layout_rooms, serial_forest,
          infiniplex_forest_end_2, infiniplex_forest_lined_corner,
          infiniplex_forest_join, infiniplex_forest_lined_corner,
          infiniplex_forest_clump_small, infiniplex_forest_clump_double,
          infiniplex_forest_end_2,
          hellmonk_ecumenical_altar_pennies_from_heaven, serial_shops, shop,
          st_stairs_10, minmay_misc_feat_nine_boxes
D:2:      layout_basic, serial_shops, nicolae_shop_waterfront, wad_orctagon

Skill      XL: |  1  2  3  4 |
---------------+-------------+-----
Short Blades   | 1 |  1.2
Long Blades    | 1 |  1.2
Axes           | 1 |  1.2
Polearms       | 1 |  1.2
Staves         | 1 |  1.2
Ranged Weapons | 1 |  1.2
Throwing       | 1 |  1.2
Stealth        | 1 |  1.2
Shields        | 1 |  1.2
Unarmed Combat | 1 |  1.2
Spellcasting   | 1 |  1.2
Evocations     | 1 |  1.2
Conjurations   | 1 |  1.0
Hexes          | 1 |  1.0
Summonings     | 1 |  1.0
Necromancy     | 1 |  1.0
Translocations | 1 |  1.0
Transmutations | 1 |  1.0
Fire Magic     | 1 |  1.0
Ice Magic      | 1 |  1.0
Air Magic      | 1 |  1.0
Earth Magic    | 1 |  1.0
Poison Magic   | 1 |  1.0
Fighting       | |  6.6
Maces & Flails | |  4.6
Armour         | |  4.6
Dodging        | |  2.8
Invocations    | |  4.7

Action                   |  1- 3 |  4- 6 || total
-------------------------+-------+-------++-------
Melee: Mace              |    78 |    51 ||   129
       Bite              |     8 |     6 ||    14
       Punch             |     3 |     1 ||     4
  Use: Potion            |       |     1 ||     1
Armor: Leather armour    |     1 |       ||     1
       Ring mail         |    17 |    24 ||    41
       Skin              |       |     1 ||     1
Dodge: Dodged            |    45 |    37 ||    82
